 Dungeon Crawl Stone Soup version 0.16.1-2-g95b8d4c (console) character file.

19 gw the Sneak (level 2, 0/13 HPs)
             Began as a Spriggan Enchanter on Mar 26, 2015.
             Shot with a stone by a goblin (8 damage)
             ... on level 1 of the Dungeon.
             The game lasted 00:01:04 (1365 turns).

gw the Sneak (Spriggan Enchanter)                   Turns: 1365, Time: 00:01:04

Health: 0/13       AC:  5    Str:  4    XL:     2   Next: 55%
Magic:  0/8        EV: 18    Int: 16    God:
Gold:   67         SH:  0    Dex: 16    Spells: 3 memorised, 2 levels left

rFire  . . .     SeeInvis +     a - +1 dagger
rCold  . . .     Clarity  .     b - +1 robe
rNeg   . . .     SustAb   .     (shield restricted)
rPois  .         Gourm    .     (helmet restricted)
rElec  .         Spirit   .     h - +1 cloak
rCorr  .         Warding  .     (gloves unavailable)
rMut   .         Stasis   .     (boots unavailable)
MR     .....                    (no amulet)
Stlth  +++.......               (no ring)
                                (no ring)

@: bonded with blade, very quick, not resistant to hostile enchantments, fairly
stealthy
A: unfitting armour, see invisible, herbivore 3, speed 3, slow metabolism 2
a: no special abilities


You were on level 1 of the Dungeon.
You were not hungry.

You visited 1 branch of the dungeon, and saw 1 of its levels.

You collected 67 gold pieces.

Inventory:

Hand weapons
 a - a +1 dagger (weapon)
Missiles
 g - 42 stones (quivered)
Armour
 b - a +1 robe (worn)
 h - a +1 cloak (worn)
Scrolls
 e - 4 scrolls of recharging {unknown}
 i - 3 scrolls of identify {unknown}
 j - 2 scrolls of enchant weapon {unknown}
Potions
 f - a potion of heal wounds {unknown}
 k - a potion of degeneration {unknown}
Books
 c - a book of Maledictions

   Spells                             Type                      Level
   a - Corona                         Hexes                        1
   b - Sure Blade                     Hexes/Charms                 2
   c - Ensorcelled Hibernation        Hexes/Ice                    2
   d - Confuse                        Hexes                        3
   e - Dazzling Spray                 Conjuration/Hexes            3
   f - Enslavement                    Hexes                        4
Comestibles
 d - a bread ration


   Skills:
 + Level 0.1 Fighting
 + Level 1.3 Short Blades
 + Level 3.4 Dodging
 - Level 4.4 Stealth
 * Level 3.1 Spellcasting
 + Level 4.0 Hexes


You had 2 spell levels left.
You knew the following spells:

 Your Spells              Type           Power        Failure   Level  Hunger
a - Corona                Hex            ###....      4%          1    None
b - Ensorcelled Hibernat  Hex/Ice        #.....       14%         2    ##.....
c - Sure Blade            Hex/Chrm       #.........   14%         2    ##.....


Dungeon Overview and Level Annotations

Branches:
Dungeon (1/15)

Altars:


Innate Abilities, Weirdness & Mutations

You are tiny and cannot use many weapons and most armour.
You have supernaturally acute eyesight.
You are a herbivore.
You cover ground extremely quickly.
You need consume almost no food.


Message History

Unknown command.
You start resting.
Unknown command.
Unknown command.
Unknown command.
Casting: Sure Blade
Confirm with . or Enter, or press ? or * to list all spells.
Your bond becomes stronger.
The goblin shoots a stone.
The stone hits you.
Eat which item? (? for menu, Esc to quit)
You don't have any such object.
Eat which item? (? for menu, Esc to quit)
You can't eat that!
Unknown command.
Unknown command.
Unknown command.
Casting: Sure Blade
Confirm with . or Enter, or press ? or * to list all spells.
Your bond becomes stronger.
The goblin shoots a stone.
The stone hits you!
Ouch! That really hurt!
You die...

#.#... .##.#.##.....
#..........#.# #.# ..#
####...# #### .###.# ..#
#.### #.. . ....# ###..#
#.# # #.#
#..##..###.##.# #.###
#####.###..##.g##.#.#.#
#..##
%...............i###..#
#>... .####.####......##
##.#######..## .# #.#
####..#.###..........##.
.# #.#
#.....#......#...###. >#
#.#
##.####)..............
## #.#
#>........############
#.######..####.### #..
#..%......####[# #.#
########.......# #.#


You could see a goblin.

Table legend:
 A = Turns spent in this place as a percentage of turns spent in the entire game.
 B = Non-inter-level travel turns spent in this place as a percentage of non-inter-level travel turns spent in the entire game.
 C = Inter-level travel turns spent in this place as a percentage of turns spent in this place.
 D = Turns resting spent in this place as a percentage of non-inter-level travel turns spent in this place.
 E = Turns spent auto-exploring this place as a percentage of non-inter-level travel turns spent in this place.
 F = Non-inter-level travel turns spent in this place divided by the number of levels of this place that you've seen.
                   A       B       C       D       E      F
               +-------+-------+-------+-------+-------+----------------------
         Total | 100.0 | 100.0 |   0.0 |   4.1 |   1.9 | 1464.0
       Dungeon | 100.0 | 100.0 |   0.0 |   4.1 |   1.9 | 1464.0
               +-------+-------+-------+-------+-------+----------------------

Table legend:
 A = Kills in this place as a percentage of kills in entire the game.
 B = Kills by you in this place as a percentage of kills by you in the entire game.
 C = Kills by friends in this place as a percentage of kills by friends in the entire game.
 D = Other kills in this place as a percentage of other kills in the entire game.
 E = Experience gained in this place as a percentage of experience gained in the entire game.
 F = Experience gained in this place divided by the number of levels of this place that you have seen.
                   A       B       C       D       E      F
               +-------+-------+-------+-------+-------+----------------------
         Total | 100.0 | 100.0 |  -nan |  -nan | 100.0 |  28.0
       Dungeon | 100.0 | 100.0 |  -nan |  -nan | 100.0 |  28.0
               +-------+-------+-------+-------+-------+----------------------

Vanquished Creatures
  A giant gecko (D:1)
  A ball python (D:1)
  3 bats (D:1)
  A giant cockroach (D:1)
  2 hobgoblins (D:1)
  4 goblins (D:1)
  2 kobolds (D:1)
  4 rats (D:1)
18 creatures vanquished.

Notes
Turn   | Place    | Note
--------------------------------------------------------------
     0 | D:1      | gw, the Spriggan Enchanter, began the quest for the Orb.
     0 | D:1      | Reached XP level 1. HP: 9/9 MP: 4/4
   274 | D:1      | Reached XP level 2. HP: 5/13 MP: 5/7
   502 | D:1      | Learned a level 2 spell: Ensorcelled Hibernation
   505 | D:1      | Learned a level 2 spell: Sure Blade
  1365 | D:1      | Shot with a stone by a goblin

Action                   || total
-------------------------++-------
Melee: Dagger            ||    56
 Cast: Corona            ||    18
       Sure Blade        ||    27
 Stab: Sleeping          ||     1

Vault maps used:
D:1:      saegor_arrival_simple_b
